 Dungeon Crawl Stone Soup version 0.28.0-49-g6dfe1f597d (webtiles) character file.

Game seed: 16891721615577492499

2713 CryoSword the Firebug (level 9, -1/71 HPs)
             Began as a Demigod Fire Elementalist on May 16, 2022.
             Slain by an orc warrior
             ... wielding a +3 scimitar of holy wrath
              (12 damage)
             ... on level 7 of the Dungeon.
             The game lasted 00:10:47 (7308 turns).

CryoSword the Firebug (Demigod Fire Elementalist)   Turns: 7308, Time: 00:10:48

Health: -1/71      AC: 10    Str: 13    XL:     9   Next: 16%
Magic:  9/16       EV: 13    Int: 25    God:
Gold:   235        SH:  0    Dex: 14    Spells: 7/14 levels left

rFire   . . .      SeeInvis .   b - +2 mace (vorpal)
rCold   . . .      Faith    .   (no shield)
rNeg    + . .      Spirit   .   s - +1 leather armour {Will+}
rPois   .          Reflect  .   c - +0 helmet
rElec   .          Harm     .   o - +2 cloak {Stlth+}
rCorr   .          Rampage  .   A - +0 pair of gloves
Will    ++...                   y - +0 pair of boots
Stlth   +++.......              j - amulet of magic regeneration
HPRegen 0.21/turn               e - ring of positive energy
MPRegen 0.55/turn               w - ring of willpower

@: no status effects
A: high MP 1, forlorn, divine attributes
a: no special abilities


You were on level 7 of the Dungeon.
You visited 1 branch of the dungeon, and saw 7 of its levels.

You collected 334 gold pieces.
You spent 99 gold pieces at shops.

Inventory:

Hand Weapons
 b - a +2 vorpal mace (weapon)
   (You found it on level 1 of the Dungeon)
Missiles
 p - 2 throwing nets
 B - 2 boomerangs
Armour
 c - a +0 helmet (worn)
   (You found it on level 3 of the Dungeon)
 o - a +2 cloak of stealth (worn)
   (You found it on level 2 of the Dungeon)
 s - a +1 leather armour of willpower (worn)
   (You took it off Ijyb on level 5 of the Dungeon)
 y - a +0 pair of boots (worn)
   (You found it on level 6 of the Dungeon)
 A - a +0 pair of gloves (worn)
   (You found it on level 7 of the Dungeon)
 D - +0 steam dragon scales
   (You found it on level 7 of the Dungeon)
Jewellery
 e - a ring of positive energy (left hand)
   (You found it on level 1 of the Dungeon)
 j - an amulet of magic regeneration (around neck)
   (You found it on level 2 of the Dungeon)
 w - a ring of willpower (right hand)
   (You found it on level 6 of the Dungeon)
Wands
 d - a wand of paralysis (8)
   (You found it on level 3 of the Dungeon)
 r - a wand of iceblast (9)
   (You took it off Ijyb on level 5 of the Dungeon)
 x - a wand of flame (20)
   (You took it off an orc wizard on level 6 of the Dungeon)
 z - a wand of digging (2)
   (You took it off Joseph on level 7 of the Dungeon)
Scrolls
 a - 2 scrolls of enchant weapon {unknown}
 g - 2 scrolls of immolation {unknown}
 h - 2 scrolls of enchant armour {unknown}
 m - 4 scrolls of fear
 n - 6 scrolls of teleportation {unknown}
 q - 2 scrolls of fog {unknown}
Potions
 f - a potion of might {unknown}
 i - 3 potions of heal wounds {@q2}
 k - a potion of resistance
 l - a potion of magic {unknown}
 t - 2 potions of curing {@q1}
 u - a potion of cancellation {unknown}
 v - a potion of mutation {unknown}
 C - a potion of invisibility


   Skills:
 + Level 3.8 Fighting
 + Level 4.1 Maces & Flails
 + Level 4.1 Dodging
 - Level 2.0 Stealth
 - Level 3.0 Spellcasting
 * Level 6.3 Conjurations
 * Level 6.9 Fire Magic


You had 7 spell levels left.
You knew the following spells:

 Your Spells              Type           Power      Damage    Failure   Level
a - Foxfire               Conj/Fire      100%       2x1d9     1%          1
b - Scorch                Fire           76%        2d9       1%          2
c - Flame Wave            Conj/Fire      36%        2d9       9%          4

Your spell library contained the following spells:

 Spells                   Type           Power      Damage    Failure   Level
 Conjure Flame            Conj/Fire      36%        6-21      2%          3
 Inner Flame              Hex/Fire       21%        N/A       10%         3
 Dazzling Flash           Conj/Hex       38%        N/A       11%         3
 Animate Skeleton         Necr           6%         N/A       13%         1
 Apportation              Tloc           6%         N/A       13%         1
 Freeze                   Ice            12%        1d4       13%         1
 Summon Small Mammal      Summ           12%        N/A       13%         1
 Hailstorm                Conj/Ice       19%        3d6       34%         4
 Frozen Ramparts          Ice            6%         1d2       36%         3
 Animate Dead             Necr           1%         N/A       77%         4
 Agony                    Necr           3%         N/A       98%         5
 Borgnjor's Vile Clutch   Necr/Erth      1%         N/A       98%         5
 Silence                  Hex/Air        1%         N/A       98%         5
 Death Channel            Necr           1%         N/A       100%        6


Dungeon Overview and Level Annotations

Branches:
Dungeon (7/15)             Temple (0/1) D:7

Shops:
D:7 [

Annotations:
D:3 2 runed translucent doors, CryoSword's ghost, amateur GnSu


Innate Abilities, Weirdness & Mutations

You have an increased reservoir of magic. (+10% MP)
You shall have no god before yourself.
Your divine heritage dramatically boosts your attributes as you level up.


Message History

An iguana is nearby!
An iguana is nearby!
An iguana is nearby!
Nothing appears to happen.
The iguana hisses angrily.
Flames lash the iguana.
The iguana's fire resistance burns away.
Flames lash the iguana.
The iguana is burned terribly!
Flames lash the iguana.
The iguana is burned terribly!
You kill the iguana!
You start removing your armour.
You continue taking off your +1 leather armour of willpower. x4
You finish taking off your +1 leather armour of willpower.
You feel less strong-willed.
You start putting on your armour.
You continue putting on your +0 steam dragon scales. x5
You finish putting on your +0 steam dragon scales.
You start putting on your armour.
You continue putting on your +0 pair of gloves. x4
You finish putting on your +0 pair of gloves.
Okay, then.
You start removing your armour.
You continue taking off your +0 steam dragon scales. x4
You finish taking off your +0 steam dragon scales.
You start putting on your armour.
You continue putting on your +1 leather armour of willpower. x5
You finish putting on your +1 leather armour of willpower.
You feel strong-willed.
Okay, then.
Okay, then.
You see here an iguana corpse.
You see here an iguana corpse.
There is an open door here.
There is a stone staircase leading up here.
There is an open door here.
Key pressed, stopping explore.
Key pressed, stopping explore.
Things that are here:
a +0 flail; a +0 ring mail
Items here: )) [[.
Could not explore, unopened runed door.
Could not explore, unopened runed door.
You open the door.
Crazy Yiuf shouts!
Crazy Yiuf says, "Powder!
Hack return to song unthinkable."
Crazy Yiuf yells, "Whippet!
Gnoll light hand."
You conjure some foxfire!
Flames lash Crazy Yiuf.
Crazy Yiuf's fire resistance burns away.
The foxfire hits Crazy Yiuf!
Crazy Yiuf is burned terribly!
The foxfire hits Crazy Yiuf.
Crazy Yiuf is burned terribly!
You kill Crazy Yiuf!
Things that are here:
a +3 quarterstaff of chaos; a +0 cloak You sock the fungus!
The fungus begins to die.
A nearby fungus withers and dies.
There is an open translucent door here.
Partly explored, unvisited transporter.
Partly explored, unvisited transporter.
Partly explored, unvisited transporter.
Partly explored, unvisited transporter.
There is an open translucent door here.
Things that are here:
a +3 quarterstaff of chaos; a +0 cloak
There is an open door here.
The orc wizard shouts! x2
There is a transporter here.
Key pressed, stopping travel.
You enter the transporter and appear at another place.
The orc wizard shouts!
The orc warrior shouts!
The orc shouts! x2
You hear a shout!
The orc wizard shouts!
The orc shouts!
Flames lash the orc wizard.
You kill the orc wizard!
You hear two shouts!
The orc wizard shouts!
The orc hits you with a +0 flail of protection!
The orc shouts!
The orc priest invokes the aid of Beogh against you.
Beogh smites you! The orc hits you but does no damage.
The orc hits you with a +0 war axe.
The orc priest looks braver for a moment.
The orc wizard gestures at you while chanting.
You resist with almost no effort.
Flames lash the orc but do no damage.
The orc barely misses you.
Flames lash the orc.
You kill the orc!
The orc hits you with a +0 flail of protection!
Flames lash the orc wizard.
The orc wizard's fire resistance burns away.
The orc hits you with a +0 flail of protection!
* * * LOW HITPOINT WARNING * * *
The orc misses you.
The orc wizard casts a spell.
The orc wizard flickers and vanishes!
Deactivating autopickup; reactivate with Ctrl-A.
The orc closely misses you.
The orc priest looks satisfied for a moment.
The orc closely misses you.
Flames lash something.
The orc wizard is no longer more vulnerable to fire.
The orc hits you with a +0 club.
* * * LOW HITPOINT WARNING * * *
The orc wizard casts a spell.
The orc wizard flickers and vanishes!
The orc barely misses you. Something hits you but does no damage.
Flames lash the orc priest.
The orc priest's fire resistance burns away.
The orc misses you.
The orc priest miscasts a cantrip.
Flames lash the orc priest.
The orc priest is burned terribly!
The orc priest begins to cast a cantrip, but forgets the words!
Flames lash the orc priest.
The orc priest is burned terribly!
You kill the orc priest!
You hear some strange, mumbled words.
A magic dart appears from out of thin air!
The magic dart hits you.
* * * LOW HITPOINT WARNING * * *
Flames lash something.
Reactivating autopickup.
You feel a bit more experienced.
Flames lash something.
The orc hits you but does no damage.
Flames lash something.
The orc misses you.
Flames lash the orc.
You kill the orc!
The orc barely misses you.
You hit the orc.
You kill the orc!
There is a transporter here.
You enter the transporter and appear at another place.
The orc warrior barely misses you.
You conjure some foxfire!
The orc warrior hits you with a +3 scimitar of holy wrath!
* * * LOW HITPOINT WARNING * * *
Flames lash the orc warrior.
The orc warrior's fire resistance burns away.
The foxfire hits the orc warrior but does no damage. x2
The orc warrior hits you but does no damage.
You conjure some foxfire!
The orc warrior barely misses you.
Flames lash the orc warrior but do no damage.
The foxfire hits the orc warrior!
The orc warrior is burned terribly!
The foxfire hits the orc warrior but does no damage.
The orc warrior hits you with a +3 scimitar of holy wrath!
* * * LOW HITPOINT WARNING * * *
The orc warrior is no longer more vulnerable to fire.
Flames lash the orc warrior.
The orc warrior's fire resistance burns away.
The orc warrior barely misses you.
Flames lash the orc warrior but do no damage.
The orc warrior hits you with a +3 scimitar of holy wrath!
You die...

........# #.............©..#.
..###...# ##.####.########### ..#
#...# ####......##....©.).. ..#
#...# #.....###.#...#####..
..###...# #.....# #.#...[#$#(..
.)).....#####.....# #.#)#$......#
.)......##........# #.#.##.8.8.##
.........'..<...o.###.#.#..._...
.......###......@.'...#.##.8.8.##
.......# #........#####.#.o....$#
.......# #...####.....#..oo#[#...
.......# #...# #.....#..O#####..
.......# #...# #.....##o{).©....
.......# ########.....###########
#.###### #..............#..©..#
#.# #..............###.### #.#
#..............###.#


You could see an orc warrior (combustible).

Vanquished Creatures
  Joseph (D:7)
  Sigmund (D:2)
  A steam dragon (D:7)
  Edmund (D:5)
  A water moccasin (D:7)
  2 orc warriors (D:6)
  2 ogres
  A phantom (D:7)
  3 bullfrogs
  2 gnoll sergeants
  A centaur zombie (D:7)
  7 orc priests
  2 hounds
  A jelly (D:5)
  Crazy Yiuf (D:7)
  Ijyb (D:5)
  5 iguanas
  Jessica (D:3)
  10 orc wizards
  2 killer bee zombies
  13 gnolls
  A howler monkey skeleton (D:7)
  3 adders
  A white imp (D:6)
  An ufetubus (D:7)
  7 dart slugs
  3 worms (D:2)
  22 orcs
  8 ball pythons
  4 bats
  5 endoplasms
  6 giant cockroaches
  8 goblins
  8 hobgoblins
  A jackal (D:2)
  2 quokkas (D:1)
  5 frilled lizards
  6 kobolds
  9 rats
  A spectral hobgoblin (D:1)
160 creatures vanquished.

Vanquished Creatures (others)
  405 foxfires
  6 fungi
411 creatures vanquished.

Grand Total: 571 creatures vanquished

Notes
Turn   | Place    | Note
-------+----------+-------------------------------------------
     0 | D:1      | CryoSword the Demigod Fire Elementalist began the quest for
                  | the Orb.
     0 | D:1      | Reached XP level 1. HP: 14/14 MP: 5/5
    51 | D:1      | Reached skill level 1 in Conjurations
   269 | D:1      | Reached XP level 2. HP: 15/20 MP: 7/7
   759 | D:1      | You fall into a shaft and drop 1 floor!
   793 | D:2      | Learned a level 2 spell: Scorch
  1378 | D:1      | Reached XP level 3. HP: 26/26 MP: 5/8
  1859 | D:2      | Reached skill level 1 in Maces & Flails
  1996 | D:2      | Noticed Sigmund
  2002 | D:2      | Killed Sigmund
  2003 | D:2      | Reached skill level 1 in Fighting
  2003 | D:2      | Reached XP level 4. HP: 22/35 MP: 5/10
  2003 | D:2      | Reached XP level 5. HP: 26/40 MP: 5/11
  2482 | D:3      | Noticed Jessica
  2487 | D:3      | Killed Jessica
  2794 | D:3      | Learned a level 4 spell: Flame Wave
  2845 | D:3      | Reached XP level 6. HP: 47/47 MP: 6/12
  3107 | D:3      | Found a large runed translucent door.
  3107 | D:3      | Found a large runed translucent door.
  3111 | D:3      | Noticed CryoSword's ghost (amateur GnSu)
  3968 | D:5      | Entered Level 5 of the Dungeon
  3982 | D:5      | Noticed Ijyb
  4002 | D:5      | Killed Ijyb
  4160 | D:5      | Noticed Edmund
  4167 | D:5      | Killed Edmund
  4168 | D:5      | Reached XP level 7. HP: 50/55 MP: 3/14
  4821 | D:6      | Reached skill level 5 in Fire Magic
  5567 | D:6      | Reached XP level 8. HP: 56/62 MP: 11/15
  5619 | D:6      | Reached skill level 5 in Conjurations
  5972 | D:7      | Found Defax's Antique Armour Shop.
  6026 | D:7      | Bought a pair of boots for 99 gold pieces
  6347 | D:7      | Found a staircase to the Ecumenical Temple.
  6388 | D:7      | Noticed Joseph
  6403 | D:7      | Killed Joseph
  6505 | D:7      | Found a transporter.
  6509 | D:7      | Found a transporter.
  6514 | D:7      | Noticed a two-headed ogre
  6609 | D:7      | Reached XP level 9. HP: 70/70 MP: 12/16
  6733 | D:7      | Found a runed translucent door.
  6734 | D:7      | Noticed Crazy Yiuf
  7188 | D:7      | Killed Crazy Yiuf
  7308 | D:7      | Slain by an orc warrior

Illustrated notes

Levels and vault maps discovered:
D:1:      erik_arrival_cave_to_civilisation [erik_arrival_cave_to_hall],
          layout_loops_ring, dreamdust_ecumenical_altar_drowned_temple,
          grunt_decor_clamped, amcnicky_mini_rare_corridor_liquid, st_stairs_13,
          kennysheep_nondescript
D:2:      layout_basic, minmay_octomino_j4, uniq_sigmund
D:3:      layout_basic, ebering_ghost_disaster_area,
          chequers_serial_rivers_small_3, uniq_jessica
D:4:      layout_cave_pods, nicolae_vehumet_altar_sigil
D:5:      layout_basic, kennysheep_mini, uniq_edmund, uniq_ijyb
D:6:      layout_loops_ring, mainiacjoe_overflow_divided_tiny, serial_aquarium,
          aquarium_bridge_square [aquarium_subvault_bridge,
          aquarium_subvault_wall, aquarium_subvault_bridge,
          aquarium_subvault_bridge], aquarium_window_corridor_2,
          aquarium_window_corner, aquarium_view_2d, aquarium_balcony_5b,
          hangedman_decor_opposing
D:7:      gammafunk_beogh_shrine, layout_basic,
          mainiacjoe_overflow_surrounded_room, mainiacjoe_overflow_paths,
          nicolae_wu_jian_wuxing_cycle, minmay_temple_entry_proselytizer,
          serial_shops, shop_fountains, uniq_joseph, uniq_crazy_yiuf_cottage

Skill      XL: |  1  2  3  4  5  6  7  8  9 |
---------------+----------------------------+-----
Conjurations   | 1 2 3 4 6 |  6.3
Fire Magic     | 3 4 5 6 |  6.9
Stealth        | 2 |  2.0
Maces & Flails | 1 2 3 4 |  4.1
Fighting       | 1 2 3 |  3.8
Dodging        | 2 3 4 |  4.1
Spellcasting   | 2 3 |  3.0

Action                   |  1- 3 |  4- 6 |  7- 9 || total
-------------------------+-------+-------+-------++-------
Melee: Mace              |    18 |     7 |     4 ||    29
 Cast: Foxfire           |    50 |    59 |   127 ||   236
       Scorch            |    21 |    43 |   102 ||   166
  Use: Scroll            |       |     3 |     2 ||     5
 Stab: Sleeping          |     3 |     2 |       ||     5
Armor: Robe              |     7 |     7 |       ||    14
       Leather armour    |       |     1 |    23 ||    24
Dodge: Dodged            |    13 |    15 |    43 ||    71
